 Dungeon Crawl Stone Soup version 0.29.1-13-g9f3cf754e1 (webtiles) character file.

Game seed: 13515144973616015476

1619 tizbic2 the Fighter (level 8, -7/89 HPs)
             Began as an Ogre Wanderer on Jan 25, 2023.
             Was an Elder of Jiyva.
             Mangled by an ogre zombie
             ... wielding a +0 giant club of venom
              (14 damage)
             ... on level 6 of the Dungeon.
             The game lasted 00:21:08 (4390 turns).

tizbic2 the Fighter (Ogre Wanderer)                 Turns: 4390, Time: 00:21:08

Health: -7/89      AC:  3    Str: 21    XL:     8   Next: 96%
Magic:  0/8        EV: 10    Int: 12    God:    Jiyva [****..]
Gold:   263        SH:  0    Dex:  7    Spells: 7/7 levels left

rFire   + . .      SeeInvis .   a - +1 giant club (spect)
rCold   . . .      Faith    .   (shield currently unavailable)
rNeg    . . .      Spirit   +   f - +0 robe
rPois   .          Reflect  .   (helmet restricted)
rElec   .          Harm     .   (no cloak)
rCorr   +          Rampage  .   (gloves unavailable)
Will    .....                   (boots unavailable)
Stlth   +++.......              x - amulet of guardian spirit
HPRegen 1.52/turn               j - ring of protection from fire
MPRegen 0.51/turn               (no ring)

@: lethally poisoned (-7 -> -22)
A: large, unfitting armour, tough skin 1, translucent skin 3, jelly absorbing
missiles
a: Renounce Religion, Oozemancy, Slimify


You were on level 6 of the Dungeon.
You worshipped Jiyva.
Jiyva was greatly pleased with you.
You visited 1 branch of the dungeon, and saw 6 of its levels.

You collected 263 gold pieces.

Inventory:

Hand Weapons
 a - a +1 spectral giant club (weapon)
 l - a +1 dagger of venom
 t - a +4 mace of protection
 D - a +0 giant spiked club of protection
Missiles
 c - 11 poisoned darts (quivered)
 g - 30 stones
Armour
 f - a +0 robe (worn)
Jewellery
 j - a ring of protection from fire (left hand)
 x - an amulet of guardian spirit (around neck)
Wands
 d - a wand of digging (6)
 w - a wand of mindburst (6)
 z - a wand of charming (10)
Scrolls
 h - a scroll of brand weapon
 i - 2 scrolls of blinking {unknown}
 k - a scroll of fear
 m - a scroll of poison {unknown}
 n - a scroll of identify
 o - a scroll of vulnerability {unknown}
 q - 2 scrolls of teleportation
 s - a scroll of acquirement
 y - a scroll of amnesia {unknown}
 A - a scroll of torment {unknown}
 B - a scroll of magic mapping {unknown}
 C - a scroll of silence {unknown}
Potions
 e - 2 potions of curing
 p - 2 potions of brilliance {unknown}
 r - a potion of haste {unknown}
 u - a potion of heal wounds {unknown}
 v - a potion of might {unknown}
 E - a potion of attraction {unknown}
 F - a potion of resistance
Miscellaneous
 b - a tin of tremorstones (2/2)


   Skills:
 * Level 8.7 Fighting
 * Level 6.6 Maces & Flails
 - Level 3.5 Throwing
 + Level 3.0 Dodging
 * Level 2.3 Stealth
 - Level 2.4 Evocations


You had 7 spell levels left.
You didn't know any spells.
Your spell library contained the following spells:

 Spells                   Type           Power      Damage    Failure   Level
 Ozocubu's Armour         Ice            0%         N/A       69%         3
 Ozocubu's Refrigeration  Ice            0%         4d7       100%        7


Dungeon Overview and Level Annotations

Branches:
Dungeon (6/15)
 Temple: D:4-7

Altars:
Cheibriados
Dithmenos
Jiyva

Annotations:
D:6 1 transporter


Innate Abilities, Weirdness & Mutations

You are too large for most types of armour.
You have tough skin. (AC +1)
Your transparent skin significantly reduces your foes' accuracy. (Stealth+)
You have a small jelly attached to you that may absorb projectiles.


Message History

Found a transporter.
You are engulfed in poison gas.
You are poisoned.
You feel very sick.
There is an open gate here.
The helpless orc warrior zombie fails to defend itself.
You sock the orc warrior zombie!
The orc warrior zombie is lightly damaged.
Your +1 spectral giant club hits the orc warrior zombie!!
You are engulfed in poison gas.
You are more poisoned.
You feel very sick.
The orc warrior zombie hits you with a +1 long sword of venom!
You closely miss the orc warrior zombie.
The orc warrior zombie is almost destroyed.
Your +1 spectral giant club hits the orc warrior zombie!!
You destroy the orc warrior zombie!
You are engulfed in poison gas.
You are more poisoned.
You feel extremely sick.
You are engulfed in poison gas.
You are more poisoned.
You feel extremely sick.
You sock the ogre zombie!
The ogre zombie is moderately damaged.
Your +1 spectral giant club hits the ogre zombie!!
You are engulfed in poison gas.
You are more poisoned.
You feel extremely sick.
The ogre zombie hits your +1 spectral giant club with a +0 giant club of venom!
Your spectral weapon shares its damage with you!
* * * LOW HITPOINT WARNING * * *
You feel better.
You are engulfed in poison gas.
You are poisoned.
* * * LOW HITPOINT WARNING * * *
You feel very sick.
You are engulfed in poison gas.
You are lethally poisoned!
* * * LOW HITPOINT WARNING * * *
x2 You feel extremely sick.
The ogre zombie hits you with a +0 giant club of venom!!
You die...

#...#.## #+ ###...#
#.###....## #.......##
#######
##.##########°○☼°☼# #.#
#☼○°°○☼#.°○°☼##
#.###..☼○○°#.○○○○###
#...#°°#.#.°Z○.$$#.. ##
#..©#°°©...°@..?©#©.
........#☼○#.#.○°○.$/#..
##?###..#..☼○☼°#°☼○°○###
# ####☼°°°°○#○☼°°☼## ##
########°°°☼°# .#
####### .# .# .#


You could see an ogre zombie.

Vanquished Creatures
  Sigmund (D:4)
  A steam dragon (D:5)
  A water moccasin (D:5)
  A sky beast (D:6)
  An ice beast (D:5)
  4 black bears
  2 ogres
  A phantom (D:5)
  Blork the orc (D:4)
  2 hounds (D:5)
  2 orc priests (D:5)
  3 orc wizards
  Natasha (D:4)
  5 adders
  An orc zombie (D:6)
  An ufetubus (D:4)
  A worm (D:3)
  A dart slug (D:2)
  23 orcs
  5 endoplasms
  2 giant cockroaches (D:3)
  4 goblins
  2 hobgoblins (D:1)
  6 jackals
  A quokka (D:1)
  5 ball pythons
  4 bats
  5 frilled lizards
  7 kobolds
94 creatures vanquished.

Vanquished Creatures (others)
  A scorpion (D:5)
  A jelly (D:5)
  Ijyb (D:3)
  Natasha (twice) (D:4)
  A shadow imp (D:3)
  A dart slug (D:3)
  4 goblins
  2 jackals (D:4)
  A quokka (D:3)
  A ball python (D:3)
  A plant (D:3)
16 creatures vanquished.

Grand Total: 110 creatures vanquished

Notes
Turn   | Place    | Note
-------+----------+-------------------------------------------
     0 | D:1      | tizbic2 the Ogre Wanderer began the quest for the Orb.
     0 | D:1      | tizbic2 set off with the following items: a +0 mace, a tin
                  | of tremorstones (2/2), 12 poisoned darts, a +0 dagger, a
                  | potion of curing, a +0 robe.
     0 | D:1      | Reached XP level 1. HP: 19/19 MP: 1/1
   360 | D:1      | Reached skill level 2 in Fighting
   360 | D:1      | Reached XP level 2. HP: 24/28 MP: 2/2
  1215 | D:2      | Reached XP level 3. HP: 36/36 MP: 3/3
  1287 | D:2      | Reached skill level 3 in Fighting
  1759 | D:2      | Found a faded altar of an unknown god.
  1766 | D:2      | Prayed at the altar of an unknown god.
  1766 | D:2      | Became a worshipper of Jiyva Jyge the Shapeless
  1766 | D:2      | Reached * piety under Jiyva
  2630 | D:3      | Reached XP level 4. HP: 41/45 MP: 4/4
  2679 | D:3      | Killed Ijyb
  2718 | D:3      | Reached ** piety under Jiyva
  2873 | D:3      | Found a snail-covered altar of Cheibriados.
  3044 | D:4      | Noticed Sigmund
  3073 | D:4      | Killed Sigmund
  3074 | D:4      | Reached skill level 5 in Fighting
  3074 | D:4      | Reached XP level 5. HP: 27/57 MP: 5/5
  3074 | D:4      | Reached XP level 6. HP: 32/66 MP: 6/6
  3102 | D:4      | Noticed Natasha
  3107 | D:4      | Killed Natasha
  3140 | D:4      | Noticed a black bear
  3144 | D:4      | Killed a black bear
  3145 | D:4      | Reached skill level 6 in Fighting
  3145 | D:4      | Reached skill level 5 in Maces & Flails
  3145 | D:4      | Reached XP level 7. HP: 75/75 MP: 7/7
  3230 | D:4      | Reached *** piety under Jiyva
  3237 | D:4      | Noticed Blork the orc
  3242 | D:4      | Killed Blork the orc
  3324 | D:4      | Gained mutation: Your translucent skin slightly reduces
                  | your foes' accuracy. (Stealth+) [Jiyva's grace]
  3324 | D:4      | Gained mutation: Your translucent skin reduces your foes'
                  | accuracy. (Stealth+) [Jiyva's grace]
  3324 | D:4      | Gained mutation: Your transparent skin significantly
                  | reduces your foes' accuracy. (Stealth+) [Jiyva's grace]
  3324 | D:4      | Gained mutation: You have a small jelly attached to you
                  | that may absorb projectiles. [Jiyva's grace]
  3415 | D:4      | Killed Natasha
  3520 | D:4      | Identified a scroll of acquirement
  3605 | D:4      | Killed Natasha
  3671 | D:5      | Entered Level 5 of the Dungeon
  3689 | D:5      | Reached skill level 7 in Fighting
  3789 | D:5      | Found a shadowy altar of Dithmenos.
  3794 | D:5      | Reached XP level 8. HP: 87/87 MP: 8/8
  3941 | D:5      | Reached skill level 8 in Fighting
  3984 | D:5      | Reached **** piety under Jiyva
  4014 | D:5      | Reached skill level 1 in Stealth
  4372 | D:6      | Found a transporter.
  4383 | D:6      | Found a transporter.
  4390 | D:6      | Mangled by an ogre zombie

Illustrated notes

Levels and vault maps discovered:
D:1:      dpeg_arrival_pond, layout_basic, st_stairs_4
D:2:      layout_loops_corners, shapermc_ecumenical_altar_totnotflames
D:3:      kennysheep_the_goblin_king, layout_rooms, mainiacjoe_overflow_catwalk,
          serial_bayou_crossing
D:4:      layout_basic, uniq_blork_the_orc, uniq_natasha, uniq_sigmund
D:5:      layout_basic, nicolae_dithmenos_the_darkroom
D:6:      gammafunk_cloud_chamber, layout_basic, dk_vineyard_1,
          minmay_misc_feat_more_columns

Skill      XL: |  1  2  3  4  5  6  7  8 |
---------------+-------------------------+-----
Fighting       | 2 3 5 6 7 8 |  8.7
Maces & Flails | 3 4 5 6 |  6.6
Throwing       | 2 3 |  3.5
Dodging        | 3 |  3.0
Stealth        | 2 |  2.3
Evocations     | |  2.4

Action                   |  1- 3 |  4- 6 |  7- 9 || total
-------------------------+-------+-------+-------++-------
Melee: Mace              |   147 |    82 |       ||   229
       Punch             |     2 |     1 |       ||     3
       Dagger            |     7 |       |       ||     7
       Giant club        |       |     3 |    63 ||    66
Throw: Dart              |    16 |       |       ||    16
  Use: Potion            |     1 |       |     1 ||     2
       Scroll            |     3 |     2 |     4 ||     9
 Stab: Sleeping          |       |       |     4 ||     4
Armor: Robe              |    74 |    39 |    11 ||   124
Dodge: Dodged            |    93 |    30 |    25 ||   148
